 Dungeon Crawl Stone Soup version 0.31-a0-703-gcfe89afef6 (webtiles) character file.

Game seed: 1443349973182606550

4477 cforsyth the Fighter (level 10, -1/90 HPs)
             Began as a Djinni Chaos Knight on Sept 9, 2023.
             Was a Believer of Hepliaklqana.
             Slain by an orc warrior
             ... wielding a +0 halberd of distortion
              (6 damage)
             ... on level 8 of the Dungeon.
             The game lasted 00:13:19 (8515 turns).

cforsyth the Fighter (Djinni Chaos Knight)          Turns: 8515, Time: 00:13:20

Health: -1/90      AC: 10    Str:  7    XL:     10   Next: 64%
Gold:   347        EV: 15    Int: 18    God:    Hepliaklqana [**....] SH:  4 Dex: 15

rFire   + + .        d - +3 hand axe (venom)
rCold   x . .        (no shield)
rNeg    . . .        A - +3 ring mail "Gaegixif" {+Inv Str-2 Dex+2 Slay+6}
rPois   ∞            (helmet restricted)
rElec   .            B - +1 cloak {rCorr}
rCorr   +            (no gloves)
SInv    .            (boots unavailable)
Will    ++...        (no amulet)
Stlth   +            k - +5 ring of evasion
HPRegen 1.15/turn    (no ring)
MPRegen 0.00/turn

%: infuse magic (-2 HP)
@: flying
A: reduced essence, sickness immunity, fire resistance 2, cold vulnerability 1,
float, innate caster, HP casting, extra vitality 1, horns 1, large bone plates
1, strong-willed 1, mutation resistance 1, regeneration 1, robust 2, weak 1
a: Renounce Religion, Evoke Invisibility, Recall Ancestor, Ancestor Identity


You were on level 8 of the Dungeon.
You worshipped Hepliaklqana.
Hepliaklqana was pleased with you.
You visited 2 branches of the dungeon, and saw 9 of its levels.
You also visited: Ossuary.

You collected 347 gold pieces.

Inventory:

Hand Weapons
 a - a +0 falchion of chaos
 d - a +3 hand axe of venom (weapon)
Armour
 b - a +2 leather armour
 l - a +0 helmet
 A - the +3 ring mail "Gaegixif" (worn) {+Inv Str-2 Dex+2 Slay+6}
   (You found it on level 4 of the Dungeon)

   Str-2:     It affects your strength (-2).
   Dex+2:     It affects your dexterity (+2).
   Slay+6:    It affects your accuracy & damage with ranged weapons and melee
   (+6).
   +Inv:      It lets you turn invisible.
 B - a +1 cloak of preservation (worn)
 E - a +0 troll leather armour
Jewellery
 k - a +5 ring of evasion (left hand)
 m - a +4 ring of protection
Wands
 p - a wand of light (7)
 y - a wand of iceblast (15)
 C - a wand of flame (9)
Scrolls
 f - 3 scrolls of poison
 g - 5 scrolls of identify
 h - 2 scrolls of fear
 n - 2 scrolls of teleportation
 o - 2 scrolls of enchant armour
 q - a scroll of torment {unknown}
 t - 3 scrolls of enchant weapon {unknown}
 v - 2 scrolls of revelation {unknown}
 x - a scroll of brand weapon {unknown}
Potions
 c - 2 potions of attraction {unknown}
 e - 6 potions of curing
 i - 4 potions of might
 j - 3 potions of mutation
 r - 2 potions of ambrosia {unknown}
 s - 2 potions of lignification {unknown}
 u - a potion of brilliance {unknown}
 w - a potion of haste {unknown}
 z - a potion of degeneration {unknown}
 D - 2 potions of berserk rage {unknown}


   Skills:
 + Level 11.0 Fighting
 - Level 2.6 Long Blades
 - Level 1.0 Armour
 - Level 2.1 Dodging
 + Level 7.8 Spellcasting
 + Level 7.8 Conjurations
 + Level 7.8 Hexes
   Level 0.0 Charms
 + Level 7.8 Summonings
 + Level 7.8 Necromancy
 + Level 7.8 Translocations
 + Level 7.8 Transmutations
 + Level 7.8 Fire Magic
 + Level 7.8 Ice Magic
 + Level 7.8 Air Magic
 + Level 7.8 Earth Magic
 + Level 7.8 Poison Magic


You knew the following spells:

 Your Spells              Type           Power      Damage    Failure   Level
a - Apportation           Tloc           70%        N/A       1%          1
b - Momentum Strike       Conj/Tloc      70%        3d9       1%          2
c - Call Canine Familiar  Summ           35%        N/A       4%          3
d - Ozocubu's Armour      Ice            35%        N/A       4%          3
Your spell library was empty.

Dungeon Overview and Level Annotations

Branches:
Dungeon (8/15)             Temple (1/1) D:6            Lair (0/5) D:8
Ossuary (visited)

Altars:
Ashenzari
Cheibriados
Dithmenos
Elyvilon
Fedhas
Gozag
Hepliaklqana
Makhleb
Nemelex Xobeh
Okawaru
Qazlal
Ru
Trog
Uskayaw
Wu Jian
Xom
Yredelemnul
The Shining One


Innate Abilities, Weirdness & Mutations

Your life essence is reduced to manifest your ancestor. (-10% HP)
You are immune to sickness and miasma.
You are immune to poison.
Your flesh is very heat resistant. (rF++)
You are vulnerable to cold. (rC-)
You float through the air rather than walking.
You learn spells naturally, not from books.
Your magical power is your life essence.
You have superior vitality. (+4 MHP)
You have a pair of small horns on your head.
You are partially covered in large bone plates. (SH +4)
You are strong-willed. (Will+)
You are somewhat resistant to further mutation.
Your natural rate of healing is unusually fast.
You are very robust. (+20% HP)
You are weak. (Str -2)


Message History

Xiuhtonal hits something with a +0 flail.
Something hits Xiuhtonal but does no damage.
Your hound completely misses the orc.
The orc warrior closely misses your hound.
The orc barely misses your hound.
Your hound bites the orc.
The orc dies!
Xiuhtonal blocks something's attack.
Your hound barely misses something.
Xiuhtonal closely misses something.
The orc warrior hits your hound with a +0 halberd of distortion!
Your hound dies!
Your hound's corpse disappears in a puff of smoke!
Xiuhtonal blocks something's attack.
Casting: Call Canine Familiar (mildly dangerous; 4% risk of failure)
Confirm with . or Enter, or press ? or * to list all spells.
Aiming: Momentum Strike (safe; 1% risk of failure)
Press: ? - help, Dir - move target, f - orc warrior
Aim: an orc warrior, wielding a +0 halberd of distortion and wearing a +0 plate armour (74% to hit)
Okay, then.
Aiming: Iceblast
Press: ? - help, Shift-Dir - straight line, f - orc warrior
Aim: an orc warrior, wielding a +0 halberd of distortion and wearing a +0 plate armour The mass of ice explodes!
The iceblast engulfs the orc warrior.
The orc warrior is lightly wounded.
The iceblast engulfs something!
Reactivating autopickup.
You feel a bit more experienced.
Your Fighting skill increases to level 11!
Aiming: Bolt of Light
Press: ? - help, Shift-Dir - straight line, f/p - orc warrior
Aim: an orc warrior, wielding a +0 halberd of distortion and wearing a +0 plate armour (black smoke, lightly wounded, ally target, 71% to hit)
The bolt of light misses the orc warrior.
The orc warrior hits you but does no damage.
Space warps horribly around you!!
* * * LOW HITPOINT WARNING * * *
Xiuhtonal hits the orc warrior with a +0 flail.
The orc warrior attacks as it pursues you!
The orc warrior hits you from afar with a +0 halberd of distortion.
* * * LOW HITPOINT WARNING * * *
Space warps around you.
You die...

.................
..........######.
.........#....#
.........'....#
~≈~............#....######
~~≈...##########.........#
.~≈~.....................#
.~≈~...............R)....#
..≈~............@.o......#
~.~≈...#####'###...#####'#
.~~~..'###...# #...#..o....#
.~~SSR...#†..#.....#.......#
≈S~.....†+.).#.....#.......#
≈~~...'#####{#######.......#
~.~~~.......))) ........##
....~.........o{..........+
.~..~.....................#


You could see the friendly Xiuhtonal the knight and an orc warrior (ally
target).

Vanquished Creatures
  2 two-headed ogres
  A troll (D:8)
  3 water moccasins
  2 orc warriors
  2 ogres
  A wolf (D:8)
  A centaur (D:8)
  2 phantoms
  2 kobold brigands
  An elf zombie (Ossuary)
  A bullfrog (D:6)
  3 scorpions
  2 centaur zombies (Ossuary)
  4 jellies
  A human zombie (Ossuary)
  2 orc priests
  3 hounds
  A gnoll bouda (D:5)
  Crazy Yiuf (D:4)
  Ijyb (D:4)
  Terence (D:2)
  4 iguanas
  2 sleepcaps
  5 orc wizards
  A hound zombie (Ossuary)
  A mummy (Ossuary)
  6 gnolls
  7 adders
  2 shadow imps
  5 adder zombies (Ossuary)
  A worm (D:2)
  2 dart slugs
  23 orcs
  5 bats
  4 endoplasms
  2 giant cockroaches
  10 goblins
  5 hobgoblins
  7 jackals
  5 ball pythons
  2 frilled lizards
  2 goblin zombies (Ossuary)
  5 hobgoblin zombies (Ossuary)
  3 jackal zombies
  9 kobolds
  2 orc zombies (Ossuary)
  3 quokka zombies (Ossuary)
  3 rats
  5 rat zombies (Ossuary)
168 creatures vanquished.

Vanquished Creatures (collateral kills)
  An ogre (D:5)
  A wolf (D:8)
  An ice beast (D:7)
  A phantom (D:7)
  2 wights (D:8)
  An electric eel (D:8)
  A gnoll bouda (D:8)
  An iguana (D:6)
  A mummy (Ossuary)
  5 gnolls
  A white imp (D:6)
  5 orcs
  2 kobolds (D:7)
  A hobgoblin zombie (Ossuary)
  2 kobold zombies (Ossuary)
  An orc zombie (Ossuary)
27 creatures vanquished.

Vanquished Creatures (others)
  A hound (D:8)
  2 knights (D:8)
  2 ancestors
5 creatures vanquished.

Grand Total: 200 creatures vanquished

Notes
Turn   | Place    | Note
-------+----------+-------------------------------------------
     0 | D:1      | cforsyth the Djinni Chaos Knight began the quest for the
                  | Orb.
     0 | D:1      | Reached XP level 1. HP: 20/20 MP: 0/0
   110 | D:1      | XOM: silly message
   361 | D:1      | XOM: noise
   397 | D:1      | Reached XP level 2. HP: 23/25 MP: 0/0
   723 | D:2      | XOM: stealth player
   727 | D:2      | Reached skill level 1 in Spellcasting
   727 | D:2      | Reached skill level 1 in Conjurations
   727 | D:2      | Reached skill level 1 in Hexes
   727 | D:2      | Reached skill level 1 in Summonings
   727 | D:2      | Reached skill level 1 in Necromancy
   727 | D:2      | Reached skill level 1 in Translocations
   727 | D:2      | Reached skill level 1 in Transmutations
   727 | D:2      | Reached skill level 1 in Fire Magic
   727 | D:2      | Reached skill level 1 in Ice Magic
   727 | D:2      | Reached skill level 1 in Air Magic
   727 | D:2      | Reached skill level 1 in Earth Magic
   727 | D:2      | Reached skill level 1 in Poison Magic
   740 | D:2      | Reached XP level 3. HP: 14/30 MP: 0/0
   740 | D:2      | Learned a level 1 spell: Apportation
  1044 | D:2      | Reached XP level 4. HP: 24/37 MP: 0/0
  1127 | D:2      | Noticed Terence
  1130 | D:2      | Killed Terence
  1131 | D:2      | Reached skill level 4 in Fighting
  1469 | D:2      | Found a faded altar of an unknown god.
  1539 | D:2      | XOM: silly message
  1716 | D:2      | XOM: silly message
  1889 | D:3      | Reached XP level 5. HP: 36/41 MP: 0/0
  1889 | D:3      | Learned a level 2 spell: Momentum Strike
  1973 | D:3      | Found a glowing golden altar of the Shining One.
  2480 | D:3      | Found a hazy altar of Hepliaklqana.
  2875 | D:3      | Fell from the grace of Xom
  2875 | D:3      | Became a worshipper of Hepliaklqana the Forgotten
  3034 | D:4      | Noticed a phantom
  3042 | D:4      | Killed a phantom
  3085 | D:4      | XOM: stat loss: -1 Dex (11/12)
  3113 | D:4      | Found a shadowy altar of Dithmenos.
  3117 | D:4      | Found a sand-covered staircase.
  3121 | D:4      | Reached XP level 6. HP: 49/49 MP: 0/0
  3131 | Ossuary  | Entered an ossuary
  3137 | Ossuary  | XOM: noise
  3153 | Ossuary  | Reached skill level 5 in Fighting
  3293 | Ossuary  | Reached XP level 7. HP: 29/54 MP: 0/0
  3293 | Ossuary  | Learned a level 3 spell: Call Canine Familiar
  3349 | Ossuary  | XOM: give mutations
  3349 | Ossuary  | Gained mutation: You are somewhat resistant to further
                  | mutation. [Xom's grace]
  3349 | Ossuary  | Gained mutation: You have a pair of small horns on your
                  | head. [Xom's grace]
  3349 | Ossuary  | Gained mutation: You are partially covered in large bone
                  | plates. (SH +4) [Xom's grace]
  3349 | Ossuary  | Gained mutation: You are robust. (+10% HP) [Xom's grace]
  3710 | D:4      | Reached skill level 6 in Fighting
  3770 | D:4      | Identified the +11 dagger of Death's Door {flame, +Blink
                  | rElec rPois Int-2}
  3833 | D:4      | Found an ornate altar of the Wu Jian Council.
  3971 | D:4      | Reached XP level 8. HP: 31/68 MP: 0/0
  4078 | D:4      | XOM: draining
  4081 | D:4      | Found the +1 Delatra's gloves {ID++}
  4236 | D:4      | XOM: noise
  4331 | D:4      | Noticed Ijyb
  4341 | D:4      | Killed Ijyb
  4358 | D:4      | Identified the +3 ring mail "Gaegixif" {+Inv Str-2 Dex+2
                  | Slay+6}
  4460 | D:4      | Found a runed translucent door.
  4461 | D:4      | Noticed Crazy Yiuf
  4499 | D:4      | Killed Crazy Yiuf
  4581 | D:5      | XOM: noise
  4581 | D:5      | Entered Level 5 of the Dungeon
  4629 | D:5      | Found an opulent altar of Gozag.
  4675 | D:5      | Reached skill level 7 in Fighting
  4786 | D:5      | Reached * piety under Hepliaklqana
  4880 | D:5      | XOM: summons 2 hostile shadow creatures
  4893 | D:5      | Found a blossoming altar of Fedhas.
  4943 | D:5      | Reached skill level 5 in Spellcasting
  4943 | D:5      | Reached skill level 5 in Conjurations
  4943 | D:5      | Reached skill level 5 in Hexes
  4943 | D:5      | Reached skill level 5 in Summonings
  4943 | D:5      | Reached skill level 5 in Necromancy
  4943 | D:5      | Reached skill level 5 in Translocations
  4943 | D:5      | Reached skill level 5 in Transmutations
  4943 | D:5      | Reached skill level 5 in Fire Magic
  4943 | D:5      | Reached skill level 5 in Ice Magic
  4943 | D:5      | Reached skill level 5 in Air Magic
  4943 | D:5      | Reached skill level 5 in Earth Magic
  4943 | D:5      | Reached skill level 5 in Poison Magic
  5135 | D:5      | Found a shimmering altar of Xom.
  5525 | D:5      | Reached skill level 8 in Fighting
  5525 | D:5      | Reached XP level 9. HP: 67/70 MP: 0/0
  5525 | D:5      | Learned a level 3 spell: Ozocubu's Armour
  6173 | D:6      | XOM: cloud trail
  6244 | D:6      | Found a staircase to the Ecumenical Temple.
  6256 | Temple   | Entered the Ecumenical Temple
  6533 | D:6      | XOM: give mutations
  6533 | D:6      | Gained mutation: You are very robust. (+20% HP) [Xom's
                  | grace]
  6533 | D:6      | Gained mutation: You are strong-willed. (Will+) [Xom's
                  | grace]
  6533 | D:6      | Gained mutation: Your natural rate of healing is unusually
                  | fast. [Xom's grace]
  6840 | D:7      | Reached skill level 9 in Fighting
  6879 | D:7      | XOM: confusion
  6897 | D:7      | an ice beast changed into a rime drake
  6897 | D:7      | Noticed a rime drake
  6897 | D:7      | XOM: polymorph ice beast -> rime drake
  7096 | D:7      | Found a broken altar of Ashenzari.
  7116 | D:7      | Noticed a two-headed ogre
  7165 | D:6      | XOM: summons 5 hostile demons
  7498 | D:7      | Killed a two-headed ogre
  7499 | D:7      | Reached XP level 10. HP: 71/86 MP: 0/0
  7592 | D:7      | XOM: potion effect (heal wounds)
  7597 | D:7      | Reached skill level 10 in Fighting
  7872 | D:8      | XOM: give mutation
  7872 | D:8      | Gained mutation: You are weak. (Str -2) [Xom's mischief]
  7881 | D:8      | Reached ** piety under Hepliaklqana
  7897 | D:8      | Noticed a two-headed ogre
  7940 | D:8      | Remembered your ancestor Xiuhtonal as a knight
  7941 | D:8      | XOM: summons 2 hostile shadow creatures
  8437 | D:8      | Found a staircase to the Lair.
  8474 | D:8      | Killed a two-headed ogre
  8514 | D:8      | Reached skill level 11 in Fighting
  8515 | D:8      | Slain by an orc warrior

Illustrated notes

Levels and vault maps discovered:
D:1:      dpeg_arrival_connections, layout_loops_ring
D:2:      minmay_spotlight, layout_basic,
          dreamdust_ecumenical_altar_hidden_monk_grotto, uniq_terence
D:3:      layout_loops_corners, lemuel_tele_altar, mainiacjoe_overflow_alcove_4,
          serial_aquarium, aquarium_bridge_long_joined
          [aquarium_subvault_bridge, aquarium_subvault_bridge,
          aquarium_subvault_wall, aquarium_subvault_bridge,
          aquarium_subvault_window, aquarium_subvault_bridge],
          aquarium_window_fake, aquarium_window_2, aquarium_window_2,
          aquarium_view_4, aquarium_view_2d, aquarium_balcony_3b,
          aquarium_pool_2
D:4:      kennysheep_goblin_castle, layout_loops_ring,
          nicolae_dithmenos_through_a_glass_darkly, mainiacjoe_overflow_catwalk,
          enter_ossuary_3, pf_guarded_unrand_delatra, uniq_crazy_yiuf_cottage
D:5:      layout_loops_corners, mainiacjoe_overflow_boulevard,
          kiku_gazebo_pond_becter, lemuel_round_altar, fedhas_altar_2
D:6:      layout_basic, minmay_temple_entry_mist, dk_noncrumbling_4
D:7:      layout_basic, mainiacjoe_overflow_cross_hatched, grunt_ministairs_13
D:8:      layout_gridville, erik_lair_island, uniq_maurice
Temple:   nicolae_temple_ecumenical_triangle

Skill      XL: |  1  2  3  4  5  6  7  8  9 10 |
---------------+-------------------------------+-----
Spellcasting   | 1 2 3 4 5 6 7 |  7.8
Conjurations   | 1 2 3 4 5 6 7 |  7.8
Hexes          | 1 2 3 4 5 6 7 |  7.8
Summonings     | 1 2 3 4 5 6 7 |  7.8
Necromancy     | 1 2 3 4 5 6 7 |  7.8
Translocations | 1 2 3 4 5 6 7 |  7.8
Transmutations | 1 2 3 4 5 6 7 |  7.8
Fire Magic     | 1 2 3 4 5 6 7 |  7.8
Ice Magic      | 1 2 3 4 5 6 7 |  7.8
Air Magic      | 1 2 3 4 5 6 7 |  7.8
Earth Magic    | 1 2 3 4 5 6 7 |  7.8
Poison Magic   | 1 2 3 4 5 6 7 |  7.8
Fighting       | 4 5 6 8 9 11 | 11.0
Long Blades    | |  2.6
Armour         | |  1.0
Dodging        | |  2.1

Action                     |  1- 3 |  4- 6 |  7- 9 | 10-12 || total
---------------------------+-------+-------+-------+-------++-------
  Melee: Hand axe          |    51 |   150 |   228 |    56 ||   485
         Punch             |       |     1 |     4 |     4 ||     9
         Headbutt          |       |       |    50 |    20 ||    70
   Cast: Momentum Strike   |       |     3 |     2 |     2 ||     7
         Call Canine Famil |       |       |     5 |     7 ||    12
 Invoke: Recall Ancestor   |       |       |     2 |     1 ||     3
         Ancestor Life: Kn |       |       |       |     1 ||     1
  Evoke: Wand              |       |       |       |     2 ||     2
    Use: Scroll            |       |     7 |       |     3 ||    10
   Stab: Sleeping          |     1 |       |     1 |       ||     2
         Distracted        |       |       |     1 |       ||     1
 Armour: Leather armour    |    28 |    74 |    40 |       ||   142
         Ring mail         |       |       |    67 |    78 ||   145
  Dodge: Dodged            |    42 |   200 |   146 |    78 ||   466
  Block: Other             |       |       |    42 |    13 ||    55

Table legend: (Time is in decaauts)
 A = Elapsed time spent in this place.
 B = Non-inter-level travel time spent in this place.
 C = Inter-level travel time spent in this place.
 D = Time resting spent in this place.
 E = Time spent auto-exploring this place.
 F = Levels seen in this place.
 G = Mean time per level.
                   A        B        C        D        E       F      G
               +--------+--------+--------+--------+--------+-----+--------+
         Total |   8674 |   8160 |    514 |    967 |   5516 |  10 |  867.4 |
       Dungeon |   8113 |   7599 |    514 |    796 |   5371 |   8 | 1014.1 |
        Temple |      1 |      1 |      0 |      0 |      0 |   1 |    1.0 |
       Ossuary |    559 |    559 |      0 |    171 |    145 |   1 |  559.0 |
               +--------+--------+--------+--------+--------+-----+--------+

Top non-repeatable levels by time:
     D:5: 1382 daAuts
     D:2: 1187 daAuts
     D:4: 1174 daAuts
     D:3: 1167 daAuts
     D:6: 1012 daAuts
     D:7: 963 daAuts
     D:1: 729 daAuts
 Ossuary: 559 daAuts
     D:8: 496 daAuts
  Temple: 1 daAuts
